 Dungeon Crawl Stone Soup version 0.25-a0-479-g8579842fd4 (webtiles) character file.

Game seed: 10337301389885331633, levelgen mode: deterministic

163633 Fimbulvetr the Executioner (level 17, -1/161 HPs)
             Began as a Minotaur Berserker on Feb 9, 2020.
             Was an Elder of Trog.
             Slain by a nagaraja
             ... wielding a +0 spear
              (12 damage)
             ... on level 4 of the Snake Pit.
             The game lasted 02:03:18 (25718 turns).

Fimbulvetr the Executioner (Minotaur Berserker)    Turns: 25718, Time: 02:03:21

Health: -1/161     AC: 29    Str: 28    XL:     17   Next: 24%
Magic:  16/16      EV:  7    Int: 10    God:    Trog [****..]
Gold:   942        SH:  0    Dex: 11    Spells: 16/16 levels left

rFire    + . .     SeeInvis .   a - +7 executioner's axe (flame)
rCold    + . .     Gourm    .   (shield currently unavailable)
rNeg     . . .     Faith    .   t - +1 plate armour
rPois    .         Spirit   .   K - +2 hat of Purpose {Int+3}
rElec    .         Reflect  .   d - +0 cloak {rC+}
rCorr    +         Harm     +   u - +2 pair of gloves of Mareurch {MR+ rCorr Int+3}
MR       ++...                  (no boots)
Stlth    ..........             o - amulet of harm
HPRegen  0.36/turn              J - ring of protection from fire
MPRegen  0.15/turn              z - +3 ring of protection

@: lethally poisoned (-1 -> -38), berserk cooldown, hasted and slowed,
constricted
A: retaliatory headbutt, horns 2
a: Berserk, Trog's Hand, Brothers in Arms, Renounce Religion


You were on level 4 of the Snake Pit.
You worshipped Trog.
Trog was greatly pleased with you.
You were very hungry.

You visited 4 branches of the dungeon, and saw 22 of its levels.
You also visited: Ice Cave.

You collected 1492 gold pieces.
You spent 550 gold pieces at shops.

Inventory:

Hand Weapons
 a - a +7 executioner's axe of flaming (weapon)
 b - a +0 arbalest
 R - a +1 antimagic executioner's axe
Missiles
 l - 307 bolts
Armour
 d - a +0 cloak of cold resistance (worn)
 t - a +1 plate armour (worn)
 u - the +2 pair of gloves of Mareurch (worn) {MR+ rCorr Int+3}
   (You acquired it on level 3 of the Snake Pit)

   It affects your intelligence (+3).
   It affects your resistance to hostile enchantments.
   It provides partial protection from all sources of acid and corrosion.
   If you remove this armour, your AC will fall 4 points (29 -> 25)
 K - the +2 hat of Purpose (worn) {Int+3}
   (You found it in an ice cave)

   It affects your intelligence (+3).
   If you remove this armour, your AC will fall 2 points (29 -> 27)
Jewellery
 f - an uncursed amulet of faith {unknown}
 o - an amulet of harm (around neck)
 x - an uncursed ring of protection from cold
 z - a +3 ring of protection (right hand)
 I - an uncursed ring of protection from fire
 J - a ring of protection from fire (left hand)
Wands
 j - a wand of paralysis (11)
 v - a wand of scattershot (5)
 y - a wand of digging (7)
 C - a wand of acid (24)
 E - a wand of flame (37)
Scrolls
 e - 17 scrolls of remove curse
 k - 16 scrolls of identify
 m - 5 scrolls of teleportation
 n - a scroll of brand weapon
 q - 4 scrolls of immolation
 A - 3 scrolls of fear
 H - 3 scrolls of enchant armour
 N - 4 scrolls of magic mapping
Potions
 h - a potion of invisibility
 i - 3 potions of haste
 p - 11 potions of mutation
 r - 2 potions of flight
 w - 3 potions of might
 D - 3 potions of agility
 F - a potion of lignification
 G - 2 potions of degeneration
 Q - a potion of brilliance
Comestibles
 c - 21 rations


   Skills:
 + Level 17.1 Fighting
 - Level 22.1 Axes
 * Level 7.5 Crossbows
 + Level 16.9 Armour
 - Level 5.0 Dodging


You had 16 spell levels left.
You didn't know any spells.
Your spell library was empty.

Dungeon Overview and Level Annotations

Branches:
Dungeon (11/15)            Temple (1/1) D:4            Lair (6/6) D:10
 Shoals (0/4) Lair:3        Snake (4/4) Lair:4        Slime (0/5) Lair:6
    Orc (0/2) D:11          IceCv (visited)

Altars:
Ashenzari
Cheibriados
Elyvilon
Gozag
Hepliaklqana
Makhleb
Qazlal
Wu Jian
Zin
The Shining One
Jiyva

Shops:
D:4 !   D:8 !   D:10 %   Snake:1 (   Snake:4 !

Annotations:
Lair:1 1 runed translucent door
Lair:6 1 runed translucent door
Snake:2 2 transporters, emiel's ghost, adept CeWn


Innate Abilities, Weirdness & Mutations

You reflexively headbutt those who attack you in melee.
You have a pair of horns on your head.


Message History

The nagaraja casts a spell at you. The poison arrow misses you.
The nagaraja spits poison at you.
The splash of poison hits you but does no damage.
You are more poisoned.
* * * LOW HITPOINT WARNING * * *
You feel very sick.
The nagaraja hits you but does no damage.
The nagaraja grabs you.
* * * LOW HITPOINT WARNING * * *
The nagaraja constricts you.
Things that are here:
a +0 spear; a +0 robe; a naga corpse You slice the nagaraja!!
You burn the nagaraja. Your headbutt misses the nagaraja.
The nagaraja is moderately wounded.
* * * LOW HITPOINT WARNING * * *
You feel very sick. The nagaraja hits you with a +0 spear!
You die...

...........)[)..).........
.....(.....[..)[).........
#####.....(######......###
#......# ######## #.....[#
#...#([# #...([[#
###...(N.######
.......@......#####
.#.)..............####
.#.....(.(...........###
......#.)[.............#
###....).#####..........
#...)))# ####.......
#...)).# ##...#.. #......#
##...... #......#
####)......


You could see a nagaraja.

Vanquished Creatures
  Nikola (Snake:4)
  Kirke (Snake:2)
  4 nagarajas
  Aizul (Snake:4)
  A frost giant (IceCv)
  Nessos (Lair:4)
  Snorg (Lair:6)
  Harold (D:7)
  8 hydras
  7 naga warriors
  7 anacondas
  2 tengu warriors (D:11)
  A two-headed ogre (D:8)
  4 death yaks (Lair:6)
  12 shock serpents
  12 naga sharpshooters
  2 salamander mystics (Snake:3)
  A fire crab (Lair:6)
  5 naga ritualists
  A lindwurm (Lair:4)
  10 mana vipers
  A manticore (D:11)
  7 salamanders
  15 elephants
  6 guardian serpents
  A merfolk siren (Lair:3)
  Maurice (D:9)
  18 naga magi
  28 black mambas
  A centaur skeleton (D:10)
  8 spiny frogs
  2 rime drakes
  7 komodo dragons
  16 polar bears (IceCv)
  Grinder (D:3)
  A tyrant leech (Lair:6)
  A troll (D:9)
  A hornet (D:10)
  5 blink frogs (Lair:6)
  4 dream sheep (Lair:5)
  13 hippogriffs
  Sigmund (D:2)
  3 wyverns
  2 basilisks
  48 yaks
  6 hogs (Snake:2)
  77 nagas
  4 swamp worms (Lair:6)
  10 water moccasins
  A slave (D:9)
  5 porcupines
  A black bear (D:8)
  2 eyes of draining
  11 ice beasts
  An orc warrior (D:9)
  8 necrophages
  4 ogres
  8 wolves
  10 centaurs
  17 crocodiles
  2 big kobolds
  A wyvern zombie (D:6)
  A gnoll sergeant (D:9)
  15 bullfrogs
  A scorpion (Lair:2)
  16 killer bees
  5 howler monkeys
  2 crimson imps
  3 quasits
  3 jellies
  5 orc priests
  4 hounds
  Crazy Yiuf (D:4)
  5 bullfrog skeletons
  5 orc wizards
  Jessica (D:2)
  6 iguanas
  10 worker ants
  Natasha (thrice) (D:3)
  A hell rat (Lair:1)
  2 hound skeletons
  A worker ant zombie (D:10)
  5 gnolls
  8 adders
  2 shadow imps
  2 oozes (D:7)
  3 adder zombies
  2 worms (D:2)
  3 dart slugs
  7 leopard geckos
  39 orcs
  4 ball pythons
  4 bats
  6 giant cockroaches
  6 goblins
  11 hobgoblins
  16 jackals
  6 quokkas
  5 frilled lizards
  18 kobolds
  A leopard gecko skeleton (D:4)
  A leopard gecko zombie (D:5)
  A quokka skeleton (D:8)
  7 rats
  A bush (Lair:2)
  3 fungi
  8 plants
701 creatures vanquished.

Vanquished Creatures (others)
  A bush (Lair:6)
  6 fungi
  13 plants
  7 toadstools (Lair:1)
27 creatures vanquished.

Grand Total: 728 creatures vanquished

Notes
Turn   | Place    | Note
-------+----------+-------------------------------------------
     0 | D:1      | Fimbulvetr the Minotaur Berserker began the quest for the
                  | Orb.
     0 | D:1      | Reached XP level 1. HP: 19/19 MP: 0/0
     2 | D:1      | Noticed a centaur
     4 | D:1      | Noticed a formicid
     4 | D:1      | Noticed a human
     6 | D:1      | Noticed a gargoyle
     6 | D:1      | Noticed a spriggan
     8 | D:1      | Noticed a vine stalker
     8 | D:1      | Noticed a ghoul
    10 | D:1      | Noticed a troll
    10 | D:1      | Noticed an elf
    12 | D:1      | Noticed a demonspawn
    12 | D:1      | Noticed an ogre
    14 | D:1      | Noticed a naga
    16 | D:1      | Noticed a dwarf
    16 | D:1      | Noticed a demigod
    18 | D:1      | Noticed a halfling
    18 | D:1      | Noticed a vampire
    20 | D:1      | Noticed an octopode
    20 | D:1      | Noticed a minotaur
    22 | D:1      | Noticed a tengu
    22 | D:1      | Noticed a draconian
    26 | D:1      | Noticed a merfolk
    26 | D:1      | Noticed a felid
   104 | D:1      | Reached XP level 2. HP: 9/27 MP: 1/1
   112 | D:1      | Reached skill level 4 in Axes
   483 | D:1      | Reached ** piety under Trog
   990 | D:2      | Reached XP level 3. HP: 33/33 MP: 2/2
  1456 | D:2      | Found an ornate altar of the Wu Jian Council.
  1459 | D:2      | Found a shattered altar of Ashenzari.
  1555 | D:2      | Noticed Sigmund
  1557 | D:2      | Reached XP level 4. HP: 40/40 MP: 3/3
  1566 | D:2      | Killed Sigmund
  1566 | D:2      | Reached skill level 5 in Axes
  1566 | D:2      | Reached XP level 5. HP: 47/47 MP: 4/4
  1780 | D:2      | Noticed Jessica
  1784 | D:2      | Killed Jessica
  1784 | D:2      | Reached XP level 6. HP: 55/55 MP: 5/5
  1944 | D:3      | Noticed Natasha
  1962 | D:3      | Killed Natasha
  1975 | D:3      | Reached skill level 6 in Axes
  2046 | D:3      | Noticed Natasha
  2076 | D:3      | Killed Natasha
  2076 | D:3      | Reached skill level 5 in Fighting
  2288 | D:3      | Noticed Natasha
  2295 | D:3      | Killed Natasha
  2409 | D:3      | Noticed Grinder
  2413 | D:3      | Reached *** piety under Trog
  2418 | D:3      | Killed Grinder
  2418 | D:3      | Reached XP level 7. HP: 52/61 MP: 6/6
  2607 | D:4      | Found a staircase to the Ecumenical Temple.
  2630 | Temple   | Entered the Ecumenical Temple
  2648 | D:4      | Reached skill level 7 in Axes
  2974 | D:4      | Reached skill level 5 in Armour
  3381 | D:4      | Found a runed translucent door.
  3382 | D:4      | Noticed Crazy Yiuf
  3499 | D:4      | Found Osef's Distillery.
  3759 | D:4      | Killed Crazy Yiuf
  3793 | D:5      | Entered Level 5 of the Dungeon
  3887 | D:5      | Reached skill level 8 in Axes
  3887 | D:5      | Reached skill level 5 in Dodging
  3887 | D:5      | Reached XP level 8. HP: 70/70 MP: 7/7
  4042 | D:5      | Reached **** piety under Trog
  4712 | D:6      | Reached skill level 9 in Axes
  4724 | D:6      | Found a white marble altar of Elyvilon.
  5487 | D:7      | Noticed Harold
  5500 | D:7      | Killed Harold
  5500 | D:7      | Reached skill level 10 in Axes
  5500 | D:7      | Reached XP level 9. HP: 60/80 MP: 8/8
  6085 | D:7      | Reached skill level 11 in Axes
  6142 | D:7      | Found a white marble altar of Elyvilon.
  6142 | D:7      | Found a glowing silver altar of Zin.
  6143 | D:7      | Found a glowing golden altar of the Shining One.
  6558 | D:8      | Reached ***** piety under Trog
  6558 | D:8      | Received a gift from Trog
  7079 | D:8      | Reached XP level 10. HP: 76/91 MP: 9/9
  7112 | D:8      | Noticed a two-headed ogre
  7124 | D:8      | Killed a two-headed ogre
  7124 | D:8      | Reached skill level 12 in Axes
  7137 | D:8      | Found a snail-covered altar of Cheibriados.
  7279 | D:8      | Found Huimmiholl's Distillery.
  7801 | D:9      | Noticed Maurice
  7838 | D:9      | Killed Maurice
  7838 | D:9      | Reached skill level 13 in Axes
  7979 | D:10     | Entered Level 10 of the Dungeon
  7984 | D:10     | Reached skill level 10 in Fighting
  7996 | D:10     | Reached skill level 10 in Armour
  8143 | D:10     | Received a gift from Trog
  8242 | D:10     | Reached XP level 11. HP: 65/101 MP: 10/10
  8457 | D:10     | Found Siuqairch's Food Boutique.
  8507 | D:10     | Reached skill level 14 in Axes
  8543 | D:10     | Found a staircase to the Lair.
  8849 | D:11     | Noticed a tengu warrior
  8855 | D:11     | Noticed a tengu warrior
  8860 | D:11     | Killed a tengu warrior
  8869 | D:11     | Killed a tengu warrior
  9441 | D:11     | Found a staircase to the Orcish Mines.
  9662 | Lair:1   | Entered Level 1 of the Lair of Beasts
  9674 | Lair:1   | Reached skill level 15 in Axes
  9737 | Lair:1   | Received a gift from Trog
 10094 | Lair:1   | Noticed a four-headed hydra
 10102 | Lair:1   | Killed a one-headed hydra
 10306 | Lair:1   | Reached XP level 12. HP: 105/112 MP: 11/11
 10317 | Lair:1   | Noticed a catoblepas
 10317 | Lair:1   | Noticed a catoblepas
 10337 | Lair:1   | Found a runed translucent door.
 11101 | Lair:2   | Reached skill level 16 in Axes
 11391 | Lair:3   | Noticed an eight-headed hydra
 11402 | Lair:3   | Killed a five-headed hydra
 11411 | Lair:3   | Got a translucent ring mail
 11412 | Lair:3   | Identified the cursed +1 ring mail of Daytuv {rElec MP+9
                  | Dex-2} (You found it on level 3 of the Lair of Beasts)
 11575 | Lair:3   | Noticed a six-headed hydra
 11581 | Lair:3   | Killed a five-headed hydra
 11968 | Lair:3   | Found a staircase to the Shoals.
 12235 | Lair:4   | Noticed Nessos
 12244 | Lair:4   | Killed Nessos
 12428 | Lair:4   | Found a staircase to the Snake Pit.
 12467 | Lair:4   | Reached skill level 17 in Axes
 12734 | Lair:4   | Received a gift from Trog
 13285 | Lair:5   | Noticed a five-headed hydra
 13516 | Lair:5   | Killed a three-headed hydra
 13516 | Lair:5   | Reached XP level 13. HP: 94/122 MP: 12/12
 13581 | Lair:5   | Found a white marble altar of Elyvilon.
 13935 | Lair:5   | Reached skill level 18 in Axes
 14454 | Lair:6   | Entered Level 6 of the Lair of Beasts
 14497 | Lair:6   | Received a gift from Trog
 14499 | Lair:6   | Noticed Snorg
 14507 | Lair:6   | Killed Snorg
 14544 | Lair:6   | Found a frozen archway.
 14555 | IceCv    | Entered an ice cave
 15173 | IceCv    | Got a faintly humming hat
 15189 | IceCv    | Identified the +2 hat of Purpose {Int+3} (You found it in
                  | an ice cave)
 15199 | IceCv    | Noticed a frost giant
 15208 | IceCv    | Killed a frost giant
 15279 | IceCv    | Reached skill level 19 in Axes
 15305 | IceCv    | Received a gift from Trog
 15562 | Lair:6   | Found a runed translucent door.
 15564 | Lair:6   | Found a viscous altar of Jiyva.
 15575 | Lair:6   | Found a staircase to the Slime Pits.
 15606 | Lair:6   | Reached XP level 14. HP: 122/133 MP: 13/13
 16432 | Snake:1  | Entered Level 1 of the Snake Pit
 17215 | Snake:1  | Reached skill level 15 in Fighting
 17724 | Snake:1  | Found Ammem's Gadget Boutique.
 17734 | Snake:1  | Found Tyocaode's Weapon Boutique.
 17751 | Snake:1  | Received a gift from Trog
 17763 | Snake:1  | Reached skill level 20 in Axes
 18039 | Snake:1  | Reached skill level 15 in Armour
 19343 | Snake:2  | Found a transporter.
 19344 | Snake:2  | Noticed emiel's ghost (adept CeWn)
 19682 | Snake:2  | Noticed a nagaraja
 19699 | Snake:2  | Killed a nagaraja
 19732 | Snake:2  | Reached XP level 15. HP: 93/141 MP: 14/14
 20112 | Snake:2  | Found a transporter.
 20408 | Snake:2  | Noticed Kirke
 20417 | Snake:2  | Killed Kirke
 20662 | Snake:3  | Received a gift from Trog
 20828 | Snake:3  | Reached skill level 21 in Axes
 21639 | Snake:3  | Noticed a nagaraja
 21645 | Snake:3  | Killed a nagaraja
 22143 | Snake:3  | Received a gift from Trog
 22760 | Snake:3  | Identified a scroll of acquirement
 22760 | Snake:3  | Identified the +2 pair of gloves of Mareurch {MR+ rCorr
                  | Int+3} (You acquired it on level 3 of the Snake Pit)
 22760 | Snake:3  | Identified the +0 battleaxe of Usomuybu {vorpal, +Inv rN+
                  | Str+4 Int-2} (You acquired it on level 3 of the Snake Pit)
 22824 | Snake:4  | Entered Level 4 of the Snake Pit
 22912 | Snake:4  | Noticed Aizul
 22930 | Snake:4  | Killed Aizul
 23284 | Snake:4  | Found Plog's Distillery.
 23292 | Snake:4  | Bought a potion of experience for 550 gold pieces
 23292 | Snake:4  | Reached skill level 5 in Crossbows
 23292 | Snake:4  | Reached XP level 16. HP: 152/152 MP: 15/15
 23854 | Snake:4  | Reached skill level 22 in Axes
 24041 | Snake:4  | Noticed Nikola
 24050 | Snake:4  | Killed Nikola
 24494 | Snake:4  | Reached XP level 17. HP: 160/160 MP: 16/16
 25640 | Snake:4  | Received a gift from Trog
 25718 | Snake:4  | Slain by a nagaraja

Levels and vault maps discovered:
D:1:      kb_arrival_jail, layout_loops_corners
D:2:      layout_basic, minitemple, uniq_jessica, uniq_sigmund
D:3:      layout_loops_cross, uniq_natasha, uniq_grinder
D:4:      minmay_recursive_quarters, layout_basic,
          minmay_temple_entry_antechambers, serial_shops, kennysheep_mini_moat,
          first_ration, serial_bayou_lagoon_a, chequers_decorated_corner,
          uniq_crazy_yiuf_cottage
D:5:      layout_loops_ring, kennysheep_generic_room_2
D:6:      layout_layer_cave, basic_altar
D:7:      layout_basic, good_gods_mini_temple, uniq_harold
D:8:      layout_cave_pools, old_standard_altar, serial_shops,
          kennysheep_little_box
D:9:      layout_long_grid, uniq_pikel, uniq_maurice
D:10:     layout_cave_pools, david_lair_shrubbed, serial_shops,
          nicolae_shop_waterfront
D:11:     layout_rooms, orc_0_dummy
Temple:   eino_temple_rhombus
Lair:1:   gammafunk_lair_enchanted_lake, layout_chaotic_city, lemuel_fruit_tree
Lair:2:   layout_loops_ring, chequers_serial_rivers_small_b,
          minmay_stone_trees_medium, serial_bayou_shore_b
Lair:3:   layout_roguey, minmay_shoals_entry_lonely_mermaid, minmay_hedge_maze
Lair:4:   layout_layer_cave, minmay_snake_entry_guardpost_small,
          grunt_megastairs_1, infiniplex_staircase_pool_2, uniq_nessos
Lair:5:   layout_small_grid, serial_forest, infiniplex_forest_clump_large,
          infiniplex_forest_corner_2, infiniplex_forest_clump_large,
          infiniplex_forest_end_2, infiniplex_forest_end_1, basic_altar,
          roderic_carrion_pond
Lair:6:   due_jungle_book, layout_cave_shapes, slime_altar_2,
          portal_ice_cave_entry_ice_beasts, worms_lemuel, uniq_snorg
Snake:1:  layout_onion, grunt_megastairs_4, minmay_shop_star
Snake:2:  layout_onion, gammafunk_ghost_berserking_beasts, uniq_kirke
Snake:3:  layout_cave_town
Snake:4:  minmay_snake_end_coiled, layout_cave_town, serial_shops, shop,
          uniq_aizul, uniq_nikola

Skill      XL: |  1  2  3  4  5  6  7  8  9 10 11 12 13 14 15 16 17 |
---------------+----------------------------------------------------+-----
Axes           | 4 5 6 8 10 11 13 15 17 19 20 21 22 | 22.1
Fighting       | 4 5 6 7 9 10 11 13 14 15 16 17 | 17.1
Armour         | 3 4 5 7 8 10 11 13 14 15 16 | 16.9
Dodging        | 3 4 5 |  5.0
Crossbows      | 5 7 |  7.5

Action                   |  1- 3 |  4- 6 |  7- 9 | 10-12 | 13-15 | 16-18 || total
-------------------------+-------+-------+-------+-------+-------+-------++-------
Melee: Hand axe          |   102 |    55 |    45 |       |       |       ||   202
       Headbutt          |     8 |    12 |    64 |    78 |    86 |    25 ||   273
       War axe           |       |       |   239 |   141 |       |       ||   380
       Battleaxe         |       |       |       |   273 |       |       ||   273
       Executioner's axe |       |       |       |    30 |   483 |   139 ||   652
 Fire: Hand crossbow     |       |       |       |    20 |    23 |       ||    43
       Arbalest          |       |       |       |       |     2 |    24 ||    26
Invok: Berserk           |       |     1 |     1 |     2 |    14 |     3 ||    21
       Trog's Hand       |       |       |       |       |     3 |     1 ||     4
  Use: Scroll            |       |     3 |     6 |    10 |    10 |     5 ||    34
       Potion            |       |       |       |     5 |    14 |     9 ||    28
 Stab: Invisible         |       |       |       |     1 |       |       ||     1
  Eat: Chunk             |     2 |     4 |    12 |    23 |     8 |     2 ||    51
       Ration            |       |       |     1 |       |    11 |     2 ||    14
Armor: Animal skin       |     3 |       |       |       |       |       ||     3
       Ring mail         |    25 |     8 |       |       |       |       ||    33
       Chain mail        |       |    10 |    33 |       |       |       ||    43
       Plate armour      |       |       |   140 |   310 |   295 |   112 ||   857
Dodge: Dodged            |    53 |    20 |   155 |   171 |   252 |    81 ||   732

Table legend:
 A = Non-vault XP
 B = Vault XP
 C = Vault XP percentage of total XP
 D = Non-vault monster count
 E = Vault monster count
 F = Vault count percentage of total count
                 A         B        C        D         E       F
            +---------+---------+-------+---------+---------+-------
      Total |  132287 |   41816 |  24.0 |     562 |     126 |  18.3
            +---------+---------+-------+---------+---------+-------
        D:1 |      36 |       0 |   0.0 |      21 |       0 |   0.0
        D:2 |      71 |     279 |  79.7 |      29 |       2 |   6.5
        D:3 |     159 |     321 |  66.9 |      15 |       2 |  11.8
        D:4 |     377 |      62 |  14.1 |      17 |       5 |  22.7
        D:5 |     442 |       3 |   0.7 |      20 |       1 |   4.8
        D:6 |     397 |       0 |   0.0 |      13 |       0 |   0.0
        D:7 |    1116 |    1007 |  47.4 |      31 |       1 |   3.1
        D:8 |    2633 |       0 |   0.0 |      36 |       0 |   0.0
        D:9 |    1366 |     462 |  25.3 |      24 |       1 |   4.0
       D:10 |    4083 |     367 |   8.2 |      38 |       1 |   2.6
       D:11 |    4063 |       0 |   0.0 |      29 |       0 |   0.0
     Lair:1 |    4502 |     506 |  10.1 |      20 |       4 |  16.7
     Lair:2 |    2409 |       0 |   0.0 |      12 |       0 |   0.0
     Lair:3 |    4196 |     490 |  10.5 |      13 |       1 |   7.1
     Lair:4 |    4070 |    2072 |  33.7 |      16 |       6 |  27.3
     Lair:5 |   10479 |     854 |   7.5 |      34 |       7 |  17.1
     Lair:6 |   16568 |    3097 |  15.7 |      43 |      14 |  24.6
    Snake:1 |   13849 |    2125 |  13.3 |      26 |       5 |  16.1
    Snake:2 |   14854 |    3390 |  18.6 |      31 |       7 |  18.4
    Snake:3 |   23301 |       0 |   0.0 |      45 |       0 |   0.0
    Snake:4 |   23316 |   17033 |  42.2 |      49 |      34 |  41.0
      IceCv |       0 |    9748 | 100.0 |       0 |      35 | 100.0
            +---------+---------+-------+---------+---------+-------
